 Dungeon Crawl Stone Soup version 0.18-a0-1390-gc02854d (webtiles) character file.

25444 4thArraOfDagon the Nimble (level 12, -3/92 HPs)
             Began as a Demigod Transmuter on Feb 22, 2016.
             Killed from afar by an ice statue (29 damage)
             ... with a shard of ice
             ... in an ice cave.
             The game lasted 01:00:51 (8545 turns).

4thArraOfDagon the Nimble (Demigod Transmuter)      Turns: 8545, Time: 01:00:51

Health: -3/92      AC:  7    Str: 15    XL:     12   Next: 53%
Magic:  18/22      EV: 20    Int: 31    God:
Gold:   671        SH:  0    Dex: 16    Spells: 5 memorised, 4 levels left

rFire  . . .     SeeInvis .       - Unarmed
rCold  . . .     Gourm    .     v - troll hide
rNeg   . . .     Faith    .     (no shield)
rPois  .         Spirit   .     w - +0 helmet
rElec  .         Dismiss  +     D - +0 cloak
rCorr  .         Reflect  .     y - +0 pair of gloves
SustAt +         Harm     .     (no boots)
MR     +....     Clarity  +     C - amulet of Vuossan {Dismiss Int+6}
Stlth  +.........               L - +2 ring of intelligence
                                o - ring of wizardry

@: very slightly contaminated, somewhat resistant to hostile enchantments, very
unstealthy
A: talons 1, slimy green scales 1, clarity, clever 1, clumsy 1, frail 1, high mp
1, sustain attributes, MP-powered wands
a: no special abilities


You were in an ice cave.
You were not hungry.

You visited 1 branch of the dungeon, and saw 14 of its levels.
You also visited: Ice Cave.

You collected 671 gold pieces.

Inventory:

Hand Weapons
 U - a +1 blowgun
Missiles
 a - 69 arrows
 e - 10 poisoned javelins (quivered)
 r - a throwing net
 O - 8 poisoned tomahawks
Armour
 v - a troll hide (worn)
 w - a +0 helmet (worn)
 y - a +0 pair of gloves (worn)
 D - a +0 cloak (worn)
 Q - a +2 robe of the Archmagi
Jewellery
 o - a ring of wizardry (left hand)
 s - a +3 ring of dexterity
 C - the amulet of Vuossan (around neck) {Dismiss Int+6}
   (You found it on level 9 of the Dungeon)

   [amulet of dismissal]

   It may teleport away creatures that harm you.
   It affects your intelligence (+6).
 L - a +2 ring of intelligence (right hand)
 N - an uncursed ring of poison resistance
 P - an uncursed ring of fire
 T - an uncursed ring of protection from fire
Wands
 q - a wand of iceblast (9/15)
 x - a wand of iceblast (13/15)
 A - a wand of flame (24/48)
 F - a wand of lightning (9/15)
 G - a wand of flame (35/48)
 M - a wand of enslavement (6/24)
Scrolls
 b - a scroll of silence
 h - 6 scrolls of teleportation
 j - 3 scrolls of fear
 k - 2 scrolls of immolation
 l - a scroll of enchant weapon
 m - 3 scrolls of remove curse
 n - a scroll of brand weapon
 u - 2 scrolls of amnesia
 H - a scroll of enchant armour
Potions
 g - 2 potions of lignification
 p - a potion of magic
 t - 2 potions of cancellation
 z - 2 potions of haste
 B - a potion of flight
 E - a potion of ambrosia
 I - 2 potions of heal wounds
 J - a potion of resistance
 K - a potion of brilliance
 S - a potion of curing
Books
 c - a book of Changes

   Spells                             Type                      Level
   a - Beastly Appendage              Transmutation                1
   b - Sticks to Snakes               Transmutation                2
   c - Spider Form                    Transmutation/Poison         3
   d - Ice Form                       Ice/Transmutation            4
   e - Blade Hands                    Transmutation                5
Comestibles
 d - 10 bread rations
 f - a meat ration
 i - 11 chunks of flesh


   Skills:
 + Level 8.6 Fighting
 + Level 12.2 Dodging
 * Level 12.1 Unarmed Combat
 - Level 4.4 Spellcasting
 - Level 5.5 Transmutations
 - Level 2.0 Ice Magic
 - Level 1.2 Poison Magic


You had 4 spell levels left.
You knew the following spells:

 Your Spells              Type           Power        Failure   Level  Hunger
a - Beastly Appendage     Trmt           #####.       1%          1    None
b - Sticks to Snakes      Trmt           #####...     1%          2    None
c - Spider Form           Trmt/Pois      ####......   3%          3    #......
d - Ice Form              Ice/Trmt       ####....     7%          4    ###....
e - Blade Hands           Trmt           #####.....   9%          5    #####..


Dungeon Overview and Level Annotations

Branches:
Dungeon (14/15)            Temple (0/1) D:5             Orc (0/2) D:9
   Lair: D:8-11      Vaults: D:13-14

Shops:
D:6 }

Annotations:
D:4 Menkaure
D:10 Urug
D:11 Fannar IceCv exclusion: ice statue


Innate Abilities, Weirdness & Mutations

You have an increased reservoir of magic (+10% MP).
Your attributes are resistant to harm.
You have sharp toenails.
You are partially covered in slimy green scales (AC +2).
You possess an exceptional clarity of mind.
Your mind is acute. (Int +2)
You are clumsy. (Dex -2)
You are frail (-10% HP).
You expend magic power (3 MP) to strengthen your wands.


Message History

Marking area around the ice statue as unsafe for travelling.
An ice statue comes into view.
Unknown command.
Unknown command.
Unknown command.
The ice statue throws cold at you. The bolt of cold hits you!
Unknown command.
Casting: Sticks to Snakes
Confirm with . or Enter, or press ? or * to list all spells.
You miscast Ice Form.
You are very lightly contaminated with residual magic.
Your skin tingles.
The ice statue throws cold at you. The freezing blast engulfs you!
You are engulfed in freezing vapours.
* * * LOW HITPOINT WARNING * * *
The ice statue throws ice at you. The shard of ice hits you!
You die...

##..## #..##
####..####
##.#....#.##
##..........##
##............#.
##.....#........#
#.......###.......#
#.....§@#######..##
##.....§§§# ###
###..§§§§.#
###.§.....#
###...8## #..###
..## .## #


You could see an ice statue.

Vanquished Creatures
  A death knight (D:13)
  An ogre mage (D:14)
  Erica (D:11)
  6 hill giants
  A phantasmal warrior (D:13)
  2 cyclopes
  A deep elf mage (D:13)
  3 ugly things (D:14)
  A gargoyle (D:11)
  2 komodo dragons
  6 trolls
  5 polar bears (IceCv)
  6 two-headed ogres
  A slime creature (D:12)
  4 wraiths
  3 wyverns
  A vampire (D:12)
  8 yaks
  2 vampire mosquitoes (D:14)
  4 hippogriffs
  5 wolves (IceCv)
  Duvessa (D:7)
  3 orc warriors
  An eye of draining (D:9)
  2 phantoms
  9 ice beasts
  3 sky beasts
  4 centaurs
  6 ogres
  2 crocodiles
  3 big kobolds
  A gnoll sergeant (D:9)
  10 giant frogs
  Dowan (D:7)
  20 killer bees
  16 wights
  4 crimson imps
  4 centaur zombies
  2 giant frog zombies (D:12)
  4 hounds
  A quasit (D:12)
  8 jellies
  A giant frog skeleton (D:12)
  4 orc priests
  6 orc wizards
  Crazy Yiuf (D:7)
  9 centaur skeletons
  Natasha (thrice) (D:3)
  3 iguanas
  11 worker ants
  4 sheep (D:13)
  15 gnolls
  11 adders
  4 river rats (D:8)
  4 shadow imps
  A worm (D:3)
  2 dart slugs
  3 giant geckos
  32 orcs
  2 ball pythons
  3 giant cockroaches
  3 goblins
  2 hobgoblins
  A jackal (D:9)
  16 kobolds
  A quokka (D:5)
  11 bats
  6 giant newts
  16 rats
344 creatures vanquished.

Vanquished Creatures (collateral kills)
  An orc warrior (D:9)
  A necrophage (D:9)
  A killer bee (D:12)
  A crimson imp (D:11)
  A giant gecko (D:2)
  6 orcs
  A goblin (D:3)
  A hobgoblin (D:1)
  A kobold (D:1)
14 creatures vanquished.

Grand Total: 358 creatures vanquished

Notes
Turn   | Place    | Note
--------------------------------------------------------------
     0 | D:1      | 4thArraOfDagon the Demigod Transmuter began the quest for the Orb.
     0 | D:1      | Reached XP level 1. HP: 15/15 MP: 5/5
    57 | D:3      | Reached skill level 1 in Fighting
   108 | D:2      | 4thArraOfDagon: :O
   168 | D:2      | Reached XP level 2. HP: 11/23 MP: 5/7
   175 | D:2      | Learned a level 2 spell: Sticks to Snakes
   358 | D:2      | 4thArraOfDagon: a
   471 | D:3      | Noticed Natasha
   486 | D:3      | Killed Natasha
   486 | D:3      | Reached XP level 3. HP: 9/28 MP: 0/9
   637 | D:1      | Learned a level 3 spell: Spider Form
   902 | D:3      | Noticed Natasha
   910 | D:3      | Killed Natasha
   910 | D:3      | Reached skill level 1 in Poison Magic
   916 | D:3      | Noticed Natasha
   923 | D:3      | Killed Natasha
   923 | D:3      | Reached XP level 4. HP: 31/35 MP: 5/10
  1040 | D:3      | Reached skill level 10 in Dodging
  1040 | D:3      | Reached XP level 5. HP: 4/40 MP: 6/12
  1041 | D:3      | Gained mutation: You are dopey. (Int -2) [potion of mutation]
  1041 | D:3      | Gained mutation: You are very dopey. (Int -4) [potion of mutation]
  1041 | D:3      | Lost mutation: You are very dopey. (Int -4) [potion of mutation]
  1244 | D:3      | Learned a level 4 spell: Ice Form
  1283 | D:4      | Reached XP level 6. HP: 41/47 MP: 8/13
  1328 | D:4      | Noticed Menkaure
  1498 | D:4      | intriguing
  1498 | D:4      | A dart slug. A small invertebrate. It hunts prey considerably larger than itself by firing chitinous darts, using a concealed air bladder to launch them with remarkable range & power.
  1498 | D:4      | Slug Dart Fires a sharp dart of hardened chitin. Range : w------>
  1532 | D:5      | Entered Level 5 of the Dungeon
  1582 | D:5      | Found a staircase to the Ecumenical Temple.
  1611 | D:5      | Found a sacrificial altar of Ru.
  1692 | D:5      | Reached XP level 7. HP: 45/55 MP: 7/14
  1990 | D:6      | Found a bloodstained altar of Trog.
  2209 | D:5      | Found a basalt altar of Yredelemnul.
  2442 | D:6      | Found Tiakol's Gadget Shop.
  2571 | D:7      | Found a shattered altar of Ashenzari.
  2641 | D:7      | Noticed Duvessa
  2674 | D:7      | Killed Duvessa
  2688 | D:7      | Noticed Dowan
  2693 | D:7      | Killed Dowan
  2764 | D:7      | Reached skill level 1 in Ice Magic
  2764 | D:7      | Reached XP level 8. HP: 59/62 MP: 12/16
  2786 | D:7      | Found a white marble altar of Elyvilon.
  2941 | D:7      | Noticed Crazy Yiuf
  2954 | D:7      | Killed Crazy Yiuf
  3010 | D:8      | Noticed a two-headed ogre
  3027 | D:8      | Reached skill level 5 in Unarmed Combat
  3058 | D:7      | Found a shadowy altar of Dithmenos.
  3170 | D:8      | Killed a two-headed ogre
  3381 | D:9      | Reached XP level 9. HP: 62/70 MP: 1/18
  3413 | D:9      | Learned a level 5 spell: Blade Hands
  3586 | D:9      | Got a faintly glowing garnet amulet
  3587 | D:9      | Identified the amulet of Vuossan {Dismiss Int+6} (You found it on level 9 of the Dungeon)
  3691 | D:9      | Found a glowing golden altar of the Shining One.
  3816 | D:9      | Gained mutation: You expend magic power (3 MP) to strengthen your wands. [potion of mutation]
  3816 | D:9      | Gained mutation: You have sharp toenails. [potion of mutation]
  3828 | D:9      | Found a staircase to the Orcish Mines.
  3871 | D:9      | Found a burning altar of Makhleb.
  4007 | D:9      | Found an ancient bone altar of Kikubaaqudgha.
  4055 | D:10     | Entered Level 10 of the Dungeon
  4329 | D:10     | Noticed a hill giant
  4346 | D:10     | Killed a hill giant
  4346 | D:10     | Reached skill level 5 in Fighting
  4346 | D:10     | Reached XP level 10. HP: 51/80 MP: 15/20
  4471 | D:10     | Noticed Urug
  4506 | D:10     | Found a shattered altar of Ashenzari.
  4746 | D:10     | Noticed a hill giant
  5162 | D:11     | Noticed Erica
  5178 | D:11     | Noticed Fannar
  5589 | D:11     | Killed Erica
  6133 | D:12     | Noticed a cyclops
  6150 | D:12     | Killed a cyclops
  6151 | D:12     | Reached XP level 11. HP: 76/90 MP: 11/21
  6167 | D:12     | Noticed a hill giant
  6174 | D:12     | Killed a hill giant
  6459 | D:12     | Noticed a hill giant
  6470 | D:12     | Killed a hill giant
  6699 | D:12     | Reached skill level 10 in Unarmed Combat
  6973 | D:13     | Reached skill level 5 in Transmutations
  6995 | D:12     | Dirian: why swing at nothing and not just wait ? it's not the same regen rate ?
  6999 | D:13     | Noticed a phantasmal warrior
  7011 | D:13     | Killed a phantasmal warrior
  7032 | D:13     | 4thArraOfDagon: nope
  7032 | D:13     | 4thArraOfDagon: regen is affected by aut
  7032 | D:13     | Dirian: oh ok
  7034 | D:13     | 4thArraOfDagon: 1.5 per swing
  7040 | D:13     | Noticed an eight-headed hydra
  7043 | D:13     | 4thArraOfDagon: i know its stupid
  7043 | D:13     | 4thArraOfDagon: :S
  7053 | D:13     | Noticed a death knight
  7125 | D:13     | Killed a death knight
  7301 | D:13     | Noticed a hill giant
  7788 | D:14     | Noticed a hill giant
  7824 | D:14     | Killed a hill giant
  7889 | D:14     | Noticed a hill giant
  7894 | D:14     | Killed a hill giant
  7894 | D:14     | Reached XP level 12. HP: 73/101 MP: 16/22
  7987 | D:14     | Gained mutation: You are partially covered in slimy green scales (AC +2). [mutagenic meat]
  7988 | D:14     | Gained mutation: You are clumsy. (Dex -2) [mutagenic meat]
  8076 | D:14     | Noticed an ogre mage
  8113 | D:14     | Killed an ogre mage
  8209 | D:14     | Lost mutation: You are dopey. (Int -2) [mutagenic meat]
  8210 | D:14     | Gained mutation: You are frail (-10% HP). [mutagenic meat]
  8211 | D:14     | Gained mutation: You possess an exceptional clarity of mind. [mutagenic meat]
  8212 | D:14     | Gained mutation: Your mind is acute. (Int +2) [mutagenic meat]
  8364 | D:14     | Found a frozen archway.
  8393 | IceCv    | Entered an ice cave
  8545 | IceCv    | Killed from afar by an ice statue

Vault maps used:
D:1:      dpeg_arrival_long_road
D:2:      uniq_jessica
D:3:      first_bread, gup_sewer_entry_bubbles, minmay_quantized, uniq_natasha
D:4:      kennysheep_six_static_rooms, marbit_many_paths, uniq_pikel,
          uniq_edmund, uniq_menkaure
D:5:      yredelemnul_altar_generic, minmay_temple_entry_hall, basic_altar
D:6:      lemuel_crystal_altar, serial_shops, nicolae_shop_waterfront,
          hangedman_decor_riveting, uniq_sigmund
D:7:      lemuel_coloured_pillars_altar, nicolae_overflow_hidden_temple,
          nicolae_overflow_crystal_walls, uniq_joseph, uniq_duvessa,
          uniq_crazy_yiuf_cottage
D:8:      grunt_lair_entry_orc_guard_hut
D:9:      tso_altar, kiku_gazebo_garden_becter, lightli_temple_of_fire,
          david_orc_2
D:10:     basic_altar, uniq_urug
D:11:     uniq_erica, uniq_josephine, uniq_fannar
D:13:     hangedman_vaults_entry_quadrant_bands
D:14:     kennysheep_nondescript, portal_ice_cave_entry_ice_beasts
IceCv:    ice_cave_small_giant

Skill      XL: |  1  2  3  4  5  6  7  8  9 10 11 12 |
---------------+-------------------------------------+-----
Fighting       | 1 2 3 5 6 7 8 |  8.6
Dodging        | 2 10 11 12 | 12.2
Unarmed Combat | 3 4 5 7 9 11 12 | 12.1
Spellcasting   | 2 3 4 |  4.4
Transmutations | 2 3 4 5 |  5.5
Poison Magic   | 1 |  1.2
Ice Magic      | 1 2 |  2.0

Action                   |  1- 3 |  4- 6 |  7- 9 | 10-12 || total
-------------------------+-------+-------+-------+-------++-------
Melee: Unarmed           |    96 |    82 |   385 |   614 ||  1177
 Cast: Beastly Appendage |    18 |     2 |       |       ||    20
       Sticks to Snakes  |     8 |     4 |    12 |    26 ||    50
       Spider Form       |       |    10 |    27 |     9 ||    46
       Ice Form          |       |       |    14 |    24 ||    38
       Blade Hands       |       |       |       |    35 ||    35
 Abil: End Transformatio |       |       |     4 |    46 ||    50
  Use: Scroll            |     6 |     1 |     3 |    13 ||    23
       Potion            |     1 |     3 |     1 |     2 ||     7
 Stab: Distracted        |     1 |       |       |     1 ||     2
       Sleeping          |       |       |     4 |     1 ||     5
  Eat: Chunk             |     1 |     5 |    15 |    24 ||    45
       Fruit             |       |       |       |     5 ||     5
       Beef jerky        |       |       |       |     2 ||     2
       Royal jelly       |       |       |       |     1 ||     1
       Meat ration       |       |       |       |     1 ||     1
